 Dungeon Crawl Stone Soup version 0.23-a0-171-g5ae17c6 (webtiles) character file.

107069 Inarius the Bludgeoner (level 15, 0/123 HPs)
             Began as a Mummy Fighter on Sept 13, 2018.
             Was an Initiate of Gozag.
             Slain by a spark wasp (17 damage)
             ... on level 1 of the Spider Nest on Sept 14, 2018.
             The game lasted 01:34:43 (27286 turns).

Inarius the Bludgeoner (Mummy Fighter)             Turns: 27286, Time: 01:34:44

Health: 0/123      AC: 26    Str: 24    XL:     15   Next: 99%
Magic:  5/5        EV: 13    Int:  9    God:    Gozag
Gold:   6531       SH: 19    Dex: 17    Spells: 13/14 levels left

rFire    + . .     SeeInvis .   t - +6 flail of Destruction {antimagic, rPois}
rCold    + . .     Gourm    .   l - +1 large shield {rF+}
rNeg     + + +     Faith    .   P - +4 chain mail "Zetofap" {rPois}
rPois    ∞         Spirit   .   L - +1 helmet
rElec    .         Reflect  .   v - +0 cloak
rCorr    .         Harm     .   i - +2 pair of gloves
MR       ++...                  k - +2 pair of boots
Stlth    ..........             B - amulet of regeneration
HPRegen  0.70/turn              J - ring of protection from fire
MPRegen  0.09/turn              K - ring of protection from magic

@: agile, flying, hasted, very quick
A: no food or potions, fire vulnerability, cold resistance 1, negative energy
resistance 3, torment resistance, unbreathing, in touch with death 1
a: Potion Petition, Call Merchant, Bribe Branch, Renounce Religion


You were on level 1 of the Spider Nest.
You worshipped Gozag.
Gozag was greatly pleased with you.
You were not hungry.

You visited 6 branches of the dungeon, and saw 27 of its levels.

You collected 8633 gold pieces.
You spent 1626 gold pieces at shops.
You paid 476 gold pieces to Gozag.

Inventory:

Hand Weapons
 d - the +9 great mace "Esikhliqa" {speed, rF+ SInv}
   (You acquired it on level 1 of the Lair of Beasts)

   Attacks with this weapon are significantly faster.
   It protects you from fire.
   It lets you see invisible.
 t - the +6 flail of Destruction (weapon) {antimagic, rPois}
   (You found it on level 7 of the Dungeon)

   It reduces the magical energy of the wielder, and disrupts the spells and
   magical abilities of those hit.
   Natural abilities and divine invocations are not affected.
   It protects you from poison.
 u - the +8 dagger "Weisuysy" {pierce, rF- rN+ Int+6 Dex+3}
   (You found it on level 7 of the Dungeon)

   It inflicts extra damage upon your enemies.
   It affects your intelligence (+6).
   It affects your dexterity (+3).
   It makes you vulnerable to fire.
   It protects you from negative energy.
 y - the +10 dark maul {crush}
   (You bought it in a shop on level 2 of the Orcish Mines)

   It inflicts extra damage upon your enemies.
Missiles
 a - 3 javelins
 m - 11 steel tomahawks
 A - 5 tomahawks of returning
 C - 48 tomahawks
 H - 4 poisoned tomahawks
 N - 2 throwing nets (quivered)
Armour
 i - a +2 pair of gloves (worn)
 k - a +2 pair of boots (worn)
 l - a +1 large shield of fire resistance (worn)
 r - the +4 shield of the Vestibule of Hell {Regen+ MP+9}
   (You bought it in a shop on level 6 of the Dungeon)

   It affects your magic capacity (+9).
   It increases your rate of regeneration.
 v - a +0 cloak (worn)
 F - a +2 plate armour of fire resistance
 L - a +1 helmet (worn)
 P - the +4 chain mail "Zetofap" (worn) {rPois}
   (You found it on level 3 of the Shoals)

   It protects you from poison.
Jewellery
 n - an uncursed ring of ice
 z - an uncursed ring of fire
 B - an amulet of regeneration (around neck)
 E - an uncursed amulet of guardian spirit
 J - a ring of protection from fire (left hand)
 K - a ring of protection from magic (right hand)
 O - an uncursed ring of flight
Wands
 x - a wand of enslavement (14)
 D - a wand of disintegration (11)
 G - a wand of iceblast (27)
 M - a wand of polymorph (28)
Scrolls
 b - 4 scrolls of remove curse
 c - 5 scrolls of identify
 e - 6 scrolls of immolation
 g - 10 scrolls of teleportation
 h - 5 scrolls of fog
 j - 4 scrolls of magic mapping
 o - 3 scrolls of vulnerability
 p - 2 scrolls of blinking
 q - 4 scrolls of amnesia
 s - 6 scrolls of enchant weapon
 I - 2 scrolls of summoning


   Skills:
 + Level 13.0 Fighting
   Level 1.5 Long Blades
 + Level 15.7 Maces & Flails
 + Level 2.7 Throwing
 + Level 10.2 Armour
 + Level 4.5 Dodging
 + Level 9.3 Shields
 + Level 3.1 Necromancy
 + Level 3.1 Evocations


You had 13 spell levels left.
You knew the following spells:

 Your Spells              Type           Power        Failure   Level  Hunger
a - Animate Skeleton      Necr           N/A          99%         1    N/A

Your spell library contained the following spells:

 Spells                   Type           Power        Failure   Level  Hunger
 Apportation              Tloc           #.....       100%        1    N/A
 Confusing Touch          Hex            #.....       100%        1    N/A
 Summon Small Mammal      Summ           #...         100%        1    N/A
 Blink                    Tloc           N/A          100%        2    N/A
 Shroud of Golubria       Chrm/Tloc      #.........   100%        2    N/A
 Sticks to Snakes         Tmut           #.......     100%        2    N/A
 Gell's Gravitas          Tloc           #.........   100%        3    N/A
 Lesser Beckoning         Tloc           #.........   100%        3    N/A
 Teleport Other           Tloc           #.......     100%        3    N/A
 Passage of Golubria      Tloc           N/A          100%        4    N/A
 Bolt of Magma            Conj/Fire/Erth #.........   100%        5    N/A
 Iskenderun's Battlesphe  Conj/Chrm      #.......     100%        5    N/A
 Venom Bolt               Conj/Pois      #.........   100%        5    N/A
 Iron Shot                Conj/Erth      #.........   100%        6    N/A
 Orb of Destruction       Conj           #.........   100%        7    N/A
 Spellforged Servitor     Conj/Summ      #.........   100%        7    N/A
 Beastly Appendage        Tmut           Unusable     N/A         1    N/A
 Spider Form              Tmut/Pois      Unusable     N/A         3    N/A
 Ice Form                 Ice/Tmut       Unusable     N/A         4    N/A
 Blade Hands              Tmut           Unusable     N/A         5    N/A

Dungeon Overview and Level Annotations

Branches:
Dungeon (13/15)            Temple (1/1) D:4            Lair (6/6) D:10
 Shoals (3/4) Lair:4       Spider (2/4) Lair:4        Slime (0/5) Lair:6
    Orc (2/2) D:9             Elf (0/3) Orc:2
 Vaults: D:13-14

Altars:
Ashenzari
Cheibriados
Dithmenos
Elyvilon
Fedhas
Gozag
Hepliaklqana
Kikubaaqudgha
Makhleb
Nemelex Xobeh
Okawaru
Qazlal
Ru
Sif Muna
Trog
Uskayaw
Vehumet
Xom
Yredelemnul
Zin
The Shining One
Jiyva

Shops:
D:6 [   Orc:2 =*([(

Annotations:
Lair:6 3 runed doors, feelmyfire's ghost, journeyman HOSk


Innate Abilities, Weirdness & Mutations

You do not eat or drink.
Your flesh is vulnerable to fire.
You are immune to poison.
Your flesh is cold resistant. (rC+)
You are immune to negative energy. (rN+++)
You are immune to unholy pain and torment.
You can survive without breathing.
You are in touch with the powers of death.


Message History

You fly up into the air.
The spark wasp stings you but does no damage.
You block the spark wasp's attack.
Evoke which item? (* to show all) (? for menu, Esc to quit)
Aiming: Disintegrate
Press: ? - help, Shift-Dir - straight line, f - spark wasp
Aim: a spark wasp (severely wounded, chance to defeat MR: 62%)
The spark wasp is blasted.
The jumping spider leaps!
You block the spark wasp's attack.
Unknown command.
Unknown command.
Evoke which item? (* to show all) (? for menu, Esc to quit)
Aiming: Disintegrate
Press: ? - help, Shift-Dir - straight line, f/p - spark wasp
Aim: a spark wasp (severely wounded, chance to defeat MR: 62%)
The spark wasp is blasted.
The spark wasp stings you!
* * * LOW HITPOINT WARNING * * *
The spark wasp shocks you!
You die...
Your body crumbles into a pile of gold.

### ##.#.....#..........####
##.## ##....................###
#...#####.............^......##.
##.....##..##......#...##.....^..
#.......#...>.............#....#.
...............s.................
..##...........................#.
#.###.#.........§.......####.....
### ####..%.....@.....^..........
####..###.y..........#.... ####
#................#
#.>..###..........
###....##..#......
##....##.....!...
#....####........ ######
####...#.. #........)


You could see a spark wasp and a jumping spider.

Vanquished Creatures
  2 orc warlords (Orc:2)
  An entropy weaver (Spider:1)
  A stone giant (Orc:2)
  Josephine (Lair:6)
  4 merfolk impalers
  A fire dragon (Lair:6)
  Harold (D:9)
  3 hydras
  2 merfolk avatars (Shoals:2)
  A death knight (D:11)
  2 two-headed ogres
  The ghost of Ijustatesigmund the Gloomy, a journeyman OpAs of Dithmenos (D:10)
  5 centaur warriors
  5 death yaks
  5 orc high priests (Orc:2)
  The ghost of vogonpoet the Unseen, a journeyman SpWn of Ashenzari (D:10)
  Sonja (Lair:4)
  The ghost of TheNamelessOne the Destroyer, a novice TeAE of Sif Muna (D:10)
  2 sea snakes
  A swamp dragon (Lair:6)
  2 unseen horrors (D:13)
  5 orc knights
  8 harpies (Shoals:3)
  5 orc sorcerers
  3 wolf spiders
  2 manticores
  15 fauns
  An ugly thing (D:11)
  An oklob plant (Lair:3)
  3 cyclopes (Shoals:2)
  5 elephants
  5 merfolk sirens
  5 black mambas
  A torpor snail (Lair:5)
  Psyche (D:9)
  A gargoyle (D:13)
  6 spiny frogs
  4 komodo dragons
  3 demonic crawlers
  6 rime drakes
  2 kobold demonologists (D:13)
  21 merfolk
  A polar bear (Lair:6)
  13 jumping spiders
  2 wind drakes
  A hornet (Spider:2)
  4 trolls
  Grinder (D:3)
  Prince Ribbit (D:6)
  11 dream sheep (Shoals:2)
  19 blink frogs
  6 hippogriffs
  3 snapping turtles (Shoals:3)
  31 redbacks
  A water elemental (Shoals:1)
  4 wyverns
  12 tarantellas
  4 wraiths
  A human (D:7)
  39 yaks
  A steam dragon (D:9)
  2 hungry ghosts
  3 hogs (D:6)
  A soldier ant (D:10)
  8 wargs
  Edmund (D:4)
  An acid dragon (Lair:6)
  11 porcupines
  9 water moccasins
  A swamp drake (Lair:6)
  37 orc warriors
  3 sky beasts
  4 ice beasts
  A black bear (shapeshifter) (D:13)
  A black bear (D:9)
  2 phantoms (D:9)
  A boggart (shapeshifter) (D:13)
  6 ogres
  15 wolves
  2 necrophages (D:7)
  16 centaurs
  19 crocodiles
  4 big kobolds
  16 bullfrogs
  A gnoll sergeant (D:10)
  A wyvern skeleton (D:10)
  3 scorpions
  12 killer bees
  8 wights
  9 howler monkeys
  10 crimson imps
  3 bullfrog zombies
  A centaur zombie (D:10)
  7 hounds
  29 orc priests
  4 bullfrog skeletons
  4 centaur skeletons
  3 iguanas
  Ijyb (D:3)
  31 orc wizards
  7 worker ants
  2 hound zombies
  A howler monkey zombie (D:5)
  2 worker ant zombies (D:9)
  9 gnolls
  15 adders
  5 shadow imps
  A white imp (D:11)
  5 oozes
  4 worms
  4 leopard geckos
  104 orcs
  3 ball pythons
  A bat zombie (D:4)
  5 giant cockroaches
  7 goblins
  6 hobgoblins
  6 jackals (D:2)
  6 quokkas
  9 bats
  4 frilled lizards
  5 kobolds
  2 leopard gecko skeletons
  6 rats
  2 rat zombies (D:4)
  4 plants
817 creatures vanquished.

Vanquished Creatures (collateral kills)
  An ogre (Orc:2)
  A gnoll (D:10)
2 creatures vanquished.

Vanquished Creatures (others)
  A yak (D:11)
  A bullfrog skeleton (D:9)
  70 fungi
  40 plants
  2 withered plants (D:10)
114 creatures vanquished.

Grand Total: 933 creatures vanquished

Notes
Turn   | Place    | Note
-------+----------+-------------------------------------------
     0 | D:1      | Inarius the Mummy Fighter began the quest for the Orb.
     0 | D:1      | Reached XP level 1. HP: 18/18 MP: 1/1
   105 | D:1      | Reached XP level 2. HP: 24/24 MP: 2/2
   887 | D:2      | Reached XP level 3. HP: 30/30 MP: 3/3
  1021 | D:2      | Found a deep blue altar of Sif Muna.
  1111 | D:2      | Reached skill level 1 in Maces & Flails
  1111 | D:2      | Reached XP level 4. HP: 34/37 MP: 4/4
  1217 | D:3      | Noticed Grinder
  1287 | D:3      | Paralysed by Grinder for 3 turns
  1291 | D:3      | Paralysed by Grinder for 6 turns
  1308 | D:3      | Paralysed by Grinder for 4 turns
  1323 | D:3      | Killed Grinder
  1323 | D:3      | Reached skill level 2 in Maces & Flails
  1323 | D:3      | Reached skill level 1 in Dodging
  1323 | D:3      | Reached XP level 5. HP: 32/42 MP: 5/5
  1323 | D:3      | Reached XP level 6. HP: 37/48 MP: 6/6
  1557 | D:3      | Found a bloodstained altar of Trog.
  1670 | D:3      | Noticed Ijyb
  1677 | D:3      | Killed Ijyb
  2292 | D:4      | Found a staircase to the Ecumenical Temple.
  2353 | Temple   | Entered the Ecumenical Temple
  2379 | Temple   | Became a worshipper of Gozag Ym Sagoz the Greedy
  2438 | D:4      | Reached skill level 3 in Maces & Flails
  2445 | D:4      | Reached XP level 7. HP: 25/55 MP: 7/7
  2807 | D:4      | Found an ancient bone altar of Kikubaaqudgha.
  2875 | D:4      | Found a hide-covered altar of Uskayaw.
  2925 | D:4      | Noticed Edmund
  2939 | D:4      | Killed Edmund
  2939 | D:4      | Reached skill level 5 in Fighting
  2985 | D:5      | Entered Level 5 of the Dungeon
  3142 | D:5      | Found a burning altar of Makhleb.
  3143 | D:5      | Found a radiant altar of Vehumet.
  3282 | D:5      | Found a sparkling altar of Nemelex Xobeh.
  3303 | D:5      | Reached skill level 4 in Maces & Flails
  3450 | D:6      | Reached XP level 8. HP: 57/62 MP: 8/8
  3472 | D:6      | Found a shadowy altar of Dithmenos.
  3735 | D:6      | Noticed Prince Ribbit
  3742 | D:6      | Killed Prince Ribbit
  4128 | D:6      | Reached skill level 5 in Maces & Flails
  4315 | D:6      | Found Meitho's Antique Armour Shop.
  4330 | D:6      | Bought a shimmering shield for 304 gold pieces
  4340 | D:6      | Identified the +4 shield of the Vestibule of Hell {Regen+
                  | MP+9} (You bought it in a shop on level 6 of the Dungeon)
  4478 | D:6      | Bought a glowing hat for 224 gold pieces
  4694 | D:7      | Got a twisted flail
  4695 | D:7      | Identified the +6 flail of Destruction {antimagic, rPois}
                  | (You found it on level 7 of the Dungeon)
  4755 | D:7      | Reached XP level 9. HP: 69/69 MP: 6/9
  4806 | D:7      | Reached skill level 5 in Shields
  4874 | D:7      | Reached skill level 6 in Maces & Flails
  5093 | D:7      | Found a glowing golden altar of the Shining One.
  5131 | D:7      | Got a twisted dagger
  5135 | D:7      | Identified the +8 dagger "Weisuysy" {pierce, rF- rN+ Int+6
                  | Dex+3} (You found it on level 7 of the Dungeon)
  5204 | D:6      | Reached skill level 5 in Armour
  5930 | D:8      | Reached skill level 7 in Maces & Flails
  6405 | D:8      | Got a polished plate armour
  6416 | D:8      | Identified the cursed +0 plate armour "Libbod" {-Tele rElec
                  | rN+} (You found it on level 8 of the Dungeon)
  6459 | D:9      | Noticed a troll
  6463 | D:9      | Killed a troll
  6463 | D:9      | Reached XP level 10. HP: 76/79 MP: 6/10
  6516 | D:9      | Noticed Psyche
  6522 | D:9      | Killed Psyche
  6634 | D:9      | Found a staircase to the Orcish Mines.
  6806 | D:9      | Noticed Harold
  6883 | D:9      | Killed Harold
  6883 | D:9      | Reached skill level 8 in Maces & Flails
  7269 | D:10     | Entered Level 10 of the Dungeon
  7348 | D:10     | Found a runed gate.
  7354 | D:10     | Found a runed gate.
  7354 | D:10     | Found a runed gate.
  7358 | D:10     | Noticed vogonpoet's ghost (journeyman SpWn)
  7359 | D:10     | Noticed Ijustatesigmund's ghost (journeyman OpAs)
  7359 | D:10     | Noticed TheNamelessOne's ghost (novice TeAE)
  7437 | D:10     | Noticed a two-headed ogre
  7443 | D:10     | Killed a two-headed ogre
  7457 | D:10     | Reached XP level 11. HP: 65/86 MP: 6/11
  7565 | D:10     | Found a staircase to the Lair.
  7712 | D:10     | Reached skill level 9 in Maces & Flails
  8418 | D:11     | Noticed a death knight
  8477 | D:11     | Killed a death knight
  8572 | D:11     | Noticed a cyan ugly thing
  8593 | D:11     | Killed a cyan ugly thing
  8630 | D:11     | Reached skill level 1 in Evocations
  8860 | D:12     | Noticed a centaur warrior
  8879 | D:12     | Killed a centaur warrior
  8911 | D:12     | Reached skill level 10 in Maces & Flails
  9433 | Lair:1   | Entered Level 1 of the Lair of Beasts
  9446 | Lair:1   | Identified a scroll of acquirement
  9450 | Lair:1   | Got a faintly glowing great mace
  9457 | Lair:1   | Identified the +9 great mace "Esikhliqa" {speed, rF+ SInv}
                  | (You acquired it on level 1 of the Lair of Beasts)
  9474 | Lair:1   | Reached XP level 12. HP: 56/95 MP: 4/12
  9720 | Lair:1   | Noticed an eight-headed hydra
  9724 | Lair:1   | Killed an eight-headed hydra
 10503 | Lair:2   | Learned a level 1 spell: Animate Skeleton
 11159 | Lair:3   | Noticed a death yak
 11159 | Lair:3   | Noticed a death yak
 11160 | Lair:3   | Noticed a death yak
 11161 | Lair:3   | Noticed a death yak
 11163 | Lair:3   | Noticed a death yak
 11171 | Lair:2   | Killed a death yak
 11171 | Lair:2   | Reached skill level 1 in Necromancy
 11359 | Lair:3   | Killed a death yak
 11364 | Lair:3   | Killed a death yak
 11364 | Lair:3   | Reached skill level 11 in Maces & Flails
 11376 | Lair:3   | Killed a death yak
 11384 | Lair:3   | Killed a death yak
 11528 | Lair:3   | Got a brightly glowing ring mail
 11540 | Lair:3   | Identified the cursed +0 ring mail "Usafu" {MR+} (You found
                  | it on level 3 of the Lair of Beasts)
 11607 | Lair:3   | Reached skill level 10 in Fighting
 11735 | Lair:3   | Noticed a six-headed hydra
 11743 | Lair:3   | Killed a six-headed hydra
 12108 | Lair:3   | Gained mutation: You are in touch with the powers of death.
                  | [Mummy growth]
 12108 | Lair:3   | Reached XP level 13. HP: 81/103 MP: 14/14
 12468 | Lair:4   | Reached skill level 12 in Maces & Flails
 12887 | Lair:4   | Found a hole to the Spider Nest.
 13032 | Lair:4   | Found a staircase to the Shoals.
 13034 | Lair:4   | Noticed Sonja
 13041 | Lair:4   | Killed Sonja
 14155 | Lair:6   | Entered Level 6 of the Lair of Beasts
 14337 | Lair:6   | Noticed a fire dragon
 14353 | Lair:6   | Killed a fire dragon
 14573 | Lair:6   | Noticed Josephine
 14578 | Lair:6   | Killed Josephine
 14620 | Lair:6   | Noticed feelmyfire's ghost (journeyman HOSk)
 14630 | Lair:6   | Found a runed gate.
 14630 | Lair:6   | Found a runed gate.
 14630 | Lair:6   | Found a runed gate.
 14758 | Lair:5   | Reached skill level 13 in Maces & Flails
 15061 | Lair:6   | Found a staircase to the Slime Pits.
 15062 | Lair:6   | Found a viscous altar of Jiyva.
 15545 | D:10     | Killed vogonpoet's ghost
 15553 | D:10     | Killed TheNamelessOne's ghost
 15558 | D:10     | Killed Ijustatesigmund's ghost
 15558 | D:10     | Reached XP level 14. HP: 76/113 MP: 15/15
 16796 | Orc:1    | Entered Level 1 of the Orcish Mines
 17032 | Orc:2    | Entered Level 2 of the Orcish Mines
 17176 | Orc:1    | Noticed an orc warlord
 17280 | Orc:2    | HP: 4/114 [warg[an orc warlord] (4)]
 17469 | Orc:2    | Killed an orc warlord
 17469 | Orc:2    | Reached skill level 14 in Maces & Flails
 17684 | Orc:1    | Noticed a stone giant
 17730 | Orc:2    | Killed a stone giant
 18604 | Orc:2    | Reached skill level 1 in Throwing
 19002 | Orc:2    | Found a staircase to the Elven Halls.
 19698 | Orc:2    | Noticed an orc warlord
 20481 | Orc:2    | Killed an orc warlord
 20692 | Orc:2    | Found Rahicuclogg's General Store.
 20693 | Orc:2    | Found Urryg's Jewellery Shoppe.
 20695 | Orc:2    | Found Houkot's Antique Armour Emporium.
 20695 | Orc:2    | Found Weisum's Antique Weapon Emporium.
 20727 | Orc:2    | Bought a scroll of teleportation for 33 gold pieces
 20745 | Orc:2    | Bought a fine shield for 332 gold pieces
 20752 | Orc:2    | Identified the cursed +0 shield of Mumblety Peg {rF+
                  | Regen+} (You bought it in a shop on level 2 of the Orcish
                  | Mines)
 20780 | Orc:2    | Bought the +10 dark maul {crush} for 733 gold pieces
 20780 | Orc:2    | Found the +10 dark maul {crush}
 21406 | Shoals:1 | Entered Level 1 of the Shoals
 21661 | Shoals:1 | Found a glowing silver altar of Zin.
 21715 | Shoals:1 | Found a hazy altar of Hepliaklqana.
 21777 | Shoals:1 | Reached XP level 15. HP: 97/121 MP: 16/16
 22585 | Shoals:2 | Reached skill level 15 in Maces & Flails
 23730 | Shoals:3 | Got a translucent chain mail
 23741 | Shoals:3 | Identified the +4 chain mail "Zetofap" {rPois} (You found
                  | it on level 3 of the Shoals)
 24831 | Shoals:3 | Reached skill level 10 in Armour
 25045 | Spider:1 | Entered Level 1 of the Spider Nest
 27283 | Spider:1 | HP: 1/123 [spark wasp (17)]
 27286 | Spider:1 | Slain by a spark wasp

Vault maps used:
D:1:      elethiomel_arrival_fortress_basement, minmay_pentomino_q4
D:2:      old_standard_altar, first_ration, minmay_misc_feat_plants
D:3:      lightli_temple_of_fire, uniq_ijyb, uniq_grinder
D:4:      lemuel_zombie_altar_kikubaaqudgha, kennysheep_mini_moat, temple_green,
          uniq_edmund
D:5:      grunt_temple_overflow_lords_of_destruction, minmay_misc_feat_rows,
          nemelex_dance_club_becter
D:6:      nicolae_dithmenos_the_darkroom, serial_shops,
          nicolae_shop_window_shopping, uniq_prince_ribbit1
D:7:      lemuel_round_altar, nicolae_overflow_hidden_temple, grunt_livestock
D:8:      st_stairs_8
D:9:      hiddenorc1_lemuel, uniq_psyche, uniq_harold
D:10:     due_lair_maze_entry_diamond, gammafunk_ghost_cemetery
D:11:     minmay_fire_ice_demons
D:13:     wad_crossroads, kennysheep_generic_room_6
Temple:   cyrus_circular_temple
Lair:1:   grunt_megastairs_2
Lair:3:   minmay_lair_oklob_chamber
Lair:4:   shoals_dummy_entry, nicolae_spider_entry_tight_spaces,
          infiniplex_staircase_pool_2, uniq_sonja
Lair:5:   grunt_megastairs_5, lemuel_fruit_fields
Lair:6:   guppyfry_lair_end_dragon, slime_altar_1, gammafunk_ghost_split,
          uniq_josephine
Shoals:1: hangedman_feature_mirror
Shoals:2: centaur_isle
Orc:1:    cheibrodos_orc_guarddog
Orc:2:    st_orc_congregation

Skill      XL: |  1  2  3  4  5  6  7  8  9 10 11 12 13 14 15 |
---------------+----------------------------------------------+-----
Maces & Flails | 1 2 3 4 5 7 8 10 11 13 14 15 | 15.7
Fighting       | 4 5 6 7 9 10 11 12 13 | 13.0
Armour         | 3 4 5 6 7 8 9 10 | 10.2
Dodging        | 1 2 3 4 |  4.5
Shields        | 3 4 6 7 8 9 |  9.3
Evocations     | 1 2 3 |  3.1
Necromancy     | 1 3 |  3.1
Throwing       | 2 |  2.7
Long Blades    | |  1.5

Action                   |  1- 3 |  4- 6 |  7- 9 | 10-12 | 13-15 || total
-------------------------+-------+-------+-------+-------+-------++-------
Melee: Long sword        |    22 |       |       |       |       ||    22
       Mace              |    90 |   118 |   254 |       |       ||   462
       Flail             |       |       |   230 |   626 |   360 ||  1216
       Great mace        |       |       |       |   214 |  1300 ||  1514
Throw: Javelin           |       |       |       |     3 |    41 ||    44
       Throwing net      |       |       |       |     2 |     9 ||    11
       Tomahawk          |       |       |       |       |    54 ||    54
Invok: Call Merchant     |       |       |       |       |     1 ||     1
       Potion Petition   |       |       |       |       |     1 ||     1
 Abil: Evoke Flight      |       |       |       |       |     1 ||     1
Evoke: Wand              |       |       |     4 |    23 |    57 ||    84
  Use: Scroll            |       |     1 |     7 |    13 |    17 ||    38
 Stab: Distracted        |       |       |     1 |     3 |     5 ||     9
Armor: Scale mail        |    64 |    39 |       |       |       ||   103
       Chain mail        |       |    32 |   242 |   235 |   792 ||  1301
       Plate armour      |       |       |     7 |    55 |   270 ||   332
Dodge: Dodged            |    47 |    32 |   123 |   180 |   686 ||  1068
Block: Shield            |    65 |    72 |   359 |   505 |   152 ||  1153
       Large shield      |       |       |       |       |   301 ||   301
       Rpst.: Long sword |     1 |       |       |       |       ||     1

Table legend:
 A = Non-vault XP
 B = Vault XP
 C = Vault XP percentage of total XP
 D = Non-vault monster count
 E = Vault monster count
 F = Vault count percentage of total count
                 A         B        C        D         E       F
            +---------+---------+-------+---------+---------+-------
      Total |  119246 |   33711 |  22.0 |     640 |     175 |  21.5
            +---------+---------+-------+---------+---------+-------
        D:1 |      28 |       9 |  24.3 |      15 |       5 |  25.0
        D:2 |      99 |       0 |   0.0 |      26 |       0 |   0.0
        D:3 |      72 |     317 |  81.5 |      17 |       2 |  10.5
        D:4 |     354 |     166 |  31.9 |      19 |       4 |  17.4
        D:5 |     172 |     179 |  51.0 |       6 |       3 |  33.3
        D:6 |    1197 |    1037 |  46.4 |      30 |       5 |  14.3
        D:7 |    1087 |     196 |  15.3 |      28 |       1 |   3.4
        D:8 |     633 |       2 |   0.3 |      20 |       1 |   4.8
        D:9 |    2326 |    1546 |  39.9 |      31 |      19 |  38.0
       D:10 |    5105 |    3892 |  43.3 |      36 |      14 |  28.0
       D:11 |    4069 |      58 |   1.4 |      31 |       2 |   6.1
       D:12 |    1333 |       0 |   0.0 |       7 |       0 |   0.0
       D:13 |    8414 |    1115 |  11.7 |      43 |       5 |  10.4
     Lair:1 |    3065 |    1537 |  33.4 |      13 |       7 |  35.0
     Lair:2 |    2606 |       0 |   0.0 |      11 |       0 |   0.0
     Lair:3 |   10435 |     542 |   4.9 |      33 |       1 |   2.9
     Lair:4 |    8753 |    2574 |  22.7 |      36 |       8 |  18.2
     Lair:5 |    4152 |     205 |   4.7 |      14 |       1 |   6.7
     Lair:6 |    6710 |    5621 |  45.6 |      25 |      17 |  40.5
   Shoals:1 |    7719 |       0 |   0.0 |      18 |       0 |   0.0
   Shoals:2 |   15705 |    1922 |  10.9 |      35 |       6 |  14.6
   Shoals:3 |   12995 |       0 |   0.0 |      28 |       0 |   0.0
   Spider:1 |    9049 |       0 |   0.0 |      31 |       0 |   0.0
   Spider:2 |    2089 |       0 |   0.0 |       8 |       0 |   0.0
      Orc:1 |    3220 |    1705 |  34.6 |      30 |       8 |  21.1
      Orc:2 |    7859 |   11088 |  58.5 |      49 |      66 |  57.4
            +---------+---------+-------+---------+---------+-------
